 Dungeon Crawl Stone Soup version 0.29-a0-721-g7f417c9bbb (webtiles) character file.

Game seed: 5987132698250691508

39 gobodom the Grave Robber (level 3, 0/24 HPs)
             Began as a Demonspawn Necromancer on June 28, 2022.
             Slain by Crazy Yiuf
             ... wielding a +2 quarterstaff of chaos
              (1 damage)
             ... on level 2 of the Dungeon.
             The game lasted 00:05:16 (2173 turns).

gobodom the Grave Robber (Demonspawn Necromancer)   Turns: 2173, Time: 00:05:17

Health: 0/24       AC:  2    Str: 10    XL:     3   Next: 26%
Magic:  0/6        EV: 17    Int: 16    God:
Gold:   185        SH:  0    Dex: 13    Spells: 3/7 levels left

rFire   . . .      SeeInvis .   h - +0 war axe
rCold   . . .      Faith    .   (no shield)
rNeg    . . .      Spirit   .   a - +0 robe
rPois   .          Reflect  .   (no helmet)
rElec   .          Harm     .   (no cloak)
rCorr   .          Rampage  .   (no gloves)
Will    .....                   (no boots)
Stlth   ++........              (no amulet)
HPRegen 0.08/turn               (no ring)
MPRegen 0.10/turn               (no ring)

@: agile
A: powered by pain 1
a: no special abilities


You were on level 2 of the Dungeon.
You visited 1 branch of the dungeon, and saw 2 of its levels.

You collected 185 gold pieces.

Inventory:

Hand Weapons
 h - a +0 war axe (weapon)
Missiles
 i - 3 boomerangs of dispersal
Armour
 a - a +0 robe (worn)
Scrolls
 g - 3 scrolls of teleportation
 k - a scroll of noise {unknown}
Potions
 b - a potion of magic
 c - 2 potions of heal wounds
 d - 3 potions of curing
 e - a potion of lignification
 f - a potion of mutation {unknown}
 j - a potion of invisibility {unknown}


   Skills:
 + Level 0.2 Fighting
 * Level 0.3 Axes
 + Level 1.8 Dodging
 + Level 2.0 Stealth
 + Level 0.1 Unarmed Combat
 + Level 2.5 Spellcasting
 + Level 5.0 Necromancy


You had 3 spell levels left.
You knew the following spells:

 Your Spells              Type           Power      Damage    Failure   Level
a - Necrotize             Necr           72%        1d7       2%          1
b - Vampiric Draining     Necr           18%        2d7       8%          3

Your spell library contained the following spells:

 Spells                   Type           Power      Damage    Failure   Level
 Ensorcelled Hibernation  Hex/Ice        4%         N/A       30%         2
 Passwall                 Tmut/Erth      1%         N/A       30%         2
 Swiftness                Air            2%         N/A       52%         3
 Animate Dead             Necr           18%        N/A       26%         4
 Agony                    Necr           18%        N/A       56%         5


Dungeon Overview and Level Annotations

Branches:
Dungeon (2/15)

Altars:

Shops:
D:1 (

Annotations:
D:2 Crazy Yiuf


Innate Abilities, Weirdness & Mutations

You sometimes gain a little power by taking damage.


Message History

There is a stone staircase leading up here.
There is a stone staircase leading down here.
There is an open door here.
You open the door.
There is an open door here.
Found a stone staircase leading down.
There is a stone staircase leading down here.
Found a dagger.
This spell is quite dangerous to cast!
Memorise Vampiric Draining, consuming 3 spell levels and leaving 3?
You start memorising the spell.
You continue memorising. x3
You finish memorising.
Spell assigned to 'b'.
You open the door.
Casting: Necrotize (safe; 2% risk of failure)
Confirm with . or Enter, or press ? or * to list all spells.
The spell is quite dangerous to miscast (8% risk of failure)!
Continue anyway?
Okay, then.
Casting: Vampiric Draining (quite dangerous; 8% risk of failure)
Confirm with . or Enter, or press ? or * to list all spells.
The spell is quite dangerous to miscast (8% risk of failure)!
Continue anyway?
Aiming: Vampiric Draining (quite dangerous; 8% risk of failure)
Press: ? - help, Shift-Dir - straight line, f - Crazy Yiuf
Aim: Crazy Yiuf, wielding a +2 quarterstaff of chaos and wearing a +0 cloak You draw life force from Crazy Yiuf!
Crazy Yiuf hits you with a +2 quarterstaff of chaos!
Ouch! That really hurt!
You focus on the pain.
You feel agile all of a sudden. Crazy Yiuf burns you.
Casting: Vampiric Draining (quite dangerous; 8% risk of failure)
Confirm with . or Enter, or press ? or * to list all spells.
The spell is quite dangerous to miscast (8% risk of failure)!
Continue anyway?
Aiming: Vampiric Draining (quite dangerous; 8% risk of failure)
Press: ? - help, Shift-Dir - straight line, f/p - Crazy Yiuf
Aim: Crazy Yiuf, wielding a +2 quarterstaff of chaos and wearing a +0 cloak (heavily wounded)
You draw life force from Crazy Yiuf!
You feel life coursing into your body.
Crazy Yiuf hits you with a +2 quarterstaff of chaos!
* * * LOW HITPOINT WARNING * * *
You convulse.
You die...

#.........#
#...#.####.#
#<.....####
###.#.####.#
#.######
#.)......#
#.######
#####
#.#..###.# #
##......#
#..)# #....#
#.#
####...#####
#...#
#....###.#
...........#
...
#..>.....#
.###...###.#
#g#
#.....####
.###...# #.#
##@# ##....#
..##...# #.#
#.## #.#..#
#.##...# #.#
##.# #.#..#
#..#...# #.#
#.## #.####
##.#...# #.#
##.## #.#
#.#...# #.#
#..P## #.#
#.....# #.#
#.P.P# #.#
##.#### #.#
#....# #.#
### #..#
#.###+..+#
#.###.#


You could see Crazy Yiuf.

Vanquished Creatures
  A worm (D:2)
  7 ball pythons
  An endoplasm (D:1)
  2 giant cockroaches (D:1)
  3 goblins
  4 hobgoblins
  2 quokkas
  3 bats
  A frilled lizard (D:2)
  2 kobolds (D:1)
  5 rats
31 creatures vanquished.

Vanquished Creatures (collateral kills)
  A dart slug (D:1)
  A bat (D:1)
  A kobold (D:2)
3 creatures vanquished.

Grand Total: 34 creatures vanquished

Notes
Turn   | Place    | Note
-------+----------+-------------------------------------------
     0 | D:1      | gobodom the Demonspawn Necromancer began the quest for the
                  | Orb.
     0 | D:1      | Reached XP level 1. HP: 13/13 MP: 3/3
   317 | D:1      | Gained mutation: You sometimes gain a little power by
                  | taking damage. [demonic ancestry]
   317 | D:1      | Reached XP level 2. HP: 19/19 MP: 3/5
   942 | D:1      | Found Jiyr's Antique Weapon Shop.
  1346 | D:2      | Reached XP level 3. HP: 24/24 MP: 6/6
  1395 | D:2      | Reached skill level 5 in Necromancy
  1661 | D:2      | Found a runed translucent door.
  1662 | D:2      | Noticed Crazy Yiuf
  2171 | D:2      | Learned a level 3 spell: Vampiric Draining
  2173 | D:2      | HP: 1/24 [Crazy Yiuf/+2 quarterstaff of chaos (10)]
  2173 | D:2      | Slain by Crazy Yiuf

Illustrated notes

Levels and vault maps discovered:
D:1:      dpeg_arrival_tiny_a, layout_loops_cross, serial_shops,
          nicolae_shop_behind_doors
D:2:      layout_basic, uniq_crazy_yiuf_cottage

Skill      XL: |  1  2  3 |
---------------+----------+-----
Necromancy     | 5 |  5.0
Stealth        | 2 |  2.0
Fighting       | |  0.2
Axes           | |  0.3
Dodging        | |  1.8
Unarmed Combat | |  0.1
Spellcasting   | |  2.5

Action                   || total
-------------------------++-------
Melee: Unarmed           ||    27
       War axe           ||    43
 Cast: Necrotize         ||    30
       Vampiric Draining ||     2
  Use: Scroll            ||     4
 Stab: Sleeping          ||     1
Armor: Robe              ||    24
Dodge: Dodged            ||    65

Table legend: (Time is in decaauts)
 A = Elapsed time spent in this place.
 B = Non-inter-level travel time spent in this place.
 C = Inter-level travel time spent in this place.
 D = Time resting spent in this place.
 E = Time spent auto-exploring this place.
 F = Levels seen in this place.
 G = Mean time per level.
                   A        B        C        D        E       F      G
               +--------+--------+--------+--------+--------+-----+--------+
         Total |   2193 |   2178 |     15 |      0 |   1837 |   2 | 1096.5 |
       Dungeon |   2193 |   2178 |     15 |      0 |   1837 |   2 | 1096.5 |
               +--------+--------+--------+--------+--------+-----+--------+

Top non-repeatable levels by time:
     D:2: 1175 daAuts
     D:1: 1018 daAuts
